Workbook

Sheet SP
A1: Quantity | B1: Front | C1: Back | D1: Sleeve | E1: Shirt
A2: 20 | B2: 1 | C2: 4 | D2: 0 | E2: 9.49
A3: Comments | B3: Brand | C3: Stlyle | D3: S-XL | E3: 2XL | F3: 3XL
A4: Cost Effective Short Sleeve | B4: Gildan | C4: 5000 | D4: 2.37 | E4: 4.35 | F4: 5.18
A5: Basic Short Sleeve | B5: Gildan | C5: 2000 | D5: 2.79 | E5: 4.79 | F5: 6.29 | I5: Price Ea. | J5: Total | K5: Tax | L5: Price Ea. W/Tax | M5: Total W/Tax | N5: 25% Rush | O5: 100% Rush
A6: Nicer Quality 60/40 blend | B6: Next Level | C6: 6210 | D6: 3.99 | E6: 5.1 | F6: 6.24 | I6: =SPCalc!J23*1.37 -> 32.1 | J6: =I6*A2 -> 642 | K6: =(I6*0.081)*A2 -> 52 | L6: =I6*1.181 -> 37.91 | M6: =L6*A2 -> 758.2 | N6: =L6*1.25 -> 47.39 | O6: =L6*2 -> 75.82
A7: Short Sleeve Pocket Tee | B7: Gildan | C7: 2300 | D7: 6.15 | E7: 7.35 | F7: 8.55 | M7: Shipping est
A8: Basic Long Sleeve | B8: Gildan | C8: 2400 | D8: 5.32 | E8: 6.89 | F8: 8.74 | M8: =4 * POWER(A2,LOG10(60 / 4) /LOG10(200)) -> 18.49
A9: Basic Long Sleeve Pocket | B9: Gildan | C9: 2410 | D9: 8.15 | E9: 9.8 | F9: 11.45 | M9: Price free Ship | N9: Ea Free Ship
A10: 8oz Hoodie | B10: Gildan | C10: 18500 | D10: 9.49 | E10: 12.2 | F10: 14.2 | M10: =M6+M8 -> 776.69 | N10: =M10/A2 -> 38.83
A11: 9oz Hoodie | B11: Gildan | C11: 12500 | D11: 15.15 | E11: 18.15 | F11: 21.2
A12: Zip Up Hoodie | B12: Gildan | C12: 18600 | D12: 15.15 | E12: 18.15 | F12: 21.2
A13: Basic Tank Top Unisex | B13: Gildan | C13: 2200 | D13: 4.15 | E13: 6.19 | F13: 7.19

Sheet EMB
A1: Quantity | B1: First Location | C1: Second Location | D1: Cost of Tee
A2: 3 | B2: 3963 | C2: 2103 | D2: 11.99
G3: Price Ea. W/Tax | H3: Digi Per Piece | I3: Total W Digi
G4: =(F6+E6)/A2 -> 27.6 | H4: =35/A2 -> 11.67 | I4: =G4+H4 -> 39.27
E5: Total | F5: Tax | G5: Total W/Tax
E6: =A2*EMBCalc!F20 -> 76.23 | F6: =E6*0.086 -> 6.56 | G6: =A2*G4 -> 82.8 | I6: =I4*A2 -> 117.81
G8: Contract Price Ea
G9: =EMBCalc!G20 -> 24.57
G10: Contract Total
G11: =G9*A2 -> 73.71

Sheet DTF
A1: Quantity | B1: Locations | C1: Cost of Tee | D1: Cost of Transfer
A2: 20 | B2: 1 | C2: 5.18 | D2: 1 | E2: 3
D3: 2 | E3: 0 | J3: Transfer Size Price Calculator | M3: 5 X Markup
D4: 3 | E4: 0 | J4: Width (in) | K4: Height (in) | L4: Cost | M4: Price W Markup
D5: 4 | E5: 0 | J5: 12 | K5: 12 | L5: =(J5*K5)*0.0034 -> 0.49 | M5: =L5*5 -> 2.45
H6: Price Ea. W/Tax
H7: =(F9+G9)/A2 -> 14.18
F8: Total | G8: Tax | H8: Total W/Tax
F9: =DTFCalc!F20*DTF!A2 -> 262.4 | G9: =F9*0.081 -> 21.25 | H9: =H7*A2 -> 283.6
H13: Shipping Estimate
H14: =9.863 * EXP(0.0022 * A2) -> 10.31

Sheet Tent
B1: USA | F1: China | I1: Cost
A2: Frame | B2: 10X10 | C2: 10X20 | E2: Canopy | F2: 10X10 | G2: 10X20 | I2: 10x10 | J2: 10X20
B3: 159 | C3: 289 | F3: 160 | G3: 304 | I3: =B3+B4+B6+F3+F4 -> 527.3 | J3: =C3+C4+C6+G3+G4 -> 899.8
A4: Shipping | B4: 79 | C4: 129 | F4: 90.3 | G4: 130.8
I5: Sell Price
A6: Bag | B6: 39 | C6: 47 | I6: =I3*2 -> 1054.6 | J6: =J3*2 -> 1799.6

Sheet SPCalc
D1: Daily Operating Cost | H1: Time
B2: 0 | C2: 0 | D2: 80 | G2: SetUp | H2: 25 | I2: SetUp (Min) | J2: =H2*1.25^H4 -> 61.04
B3: 1 | C3: 1 | G3: Screens | H3: =SUM(SP!B2:D2) -> 5 | I3: Print (Min) | J3: =SP!A2*((H5*1.25^H4)+(0.35)) -> 104.66
B4: 2 | C4: 2 | D4: Yes | H4: =H3-1 -> 4
B5: 3 | C5: 3 | D5: No | G5: Print | H5: 2
B6: 4 | C6: 4 | I6: Handling | J6: =((SP!A2*10)/60)+20 -> 23.33
B7: 5
B8: 6 | G8: CleanUp | H8: 20 | I8: CleanUp (Min) | J8: =H8*1.3^H4 -> 57.12
B9: 7
B10: 8
B11: Supplied | C11: 0 | I11: Total Time (Min) | J11: =SUM(J8,J2,J6,J3) -> 246.15
I12: Total Time (Hour) | J12: =J11/60 -> 4.1
I13: Labor Cost | J13: =J12*16 -> 65.6
I14: Days to Complete | J14: =J12/8 -> 0.51
I15: Operating Cost | J15: =J14*D2 -> 40.8
B16: Blank Mark Up | C16: 0.25 | I16: Screen Cost | J16: =20*H3 -> 100
I17: Art Cost | J17: 25
I18: Total Cost | J18: =J13+J15+J16+J17 -> 231.4
I19: Print Fee ea | J19: =(J18)/SP!A2 -> 11.57
I20: Cost of Tee | J20: =(SP!E2*C16)+SP!E2 -> 11.86
I23: Price W/T | J23: =J19+J20 -> 23.43

Sheet EMBCalc
B1: Daily Operating Cost | C1: Count In per piece in Sec | D1: Job Set Up Min | E1: Stitching per Sec | F1: Clean Up/Trim Sec | G1: Count Out/Box in Sec
B2: 175 | C2: 10 | D2: 10 | E2: 11 | F2: 30 | G2: 10
C3: Count in Time (Min) | E3: Stitching time (Min) | F3: Clean Up (Min) | G3: Count Out (Min)
C4: =(C2*EMB!A2)/60 -> 0.5 | E4: =(((EMB!B2+EMB!C2)/EMBCalc!E2)/60)*EMB!A2 -> 27.57 | F4: =(F2*EMB!A2)/60 -> 1.5 | G4: =(G2*EMB!A2)/60 -> 0.5
E5: Time with 6 Head
C6: Backer per piece | D6: Thread | E6: =E4/6 -> 4.595
C7: 0.19 | D7: 0.05
G8: Contract
C9: Labor Hourly | E9: Material Cost | F9: =EMB!A2*(C7+D7) -> 0.72 | G9: =F9 -> 0.72
C10: 16 | E10: Total Time (Hour) | F10: =(C4+E4+F4+G4+D2)/60 -> 0.67 | G10: =(C4+E6+F4+G4+D2)/60 -> 0.28
E11: Labor Cost | F11: =F10*C10 -> 10.72 | G11: =G10*C10 -> 4.48
B12: Profit Contract % | C12: Profit Margin % | E12: Days to Complete | F12: =F10/8 -> 0.08 | G12: =G10/8 -> 0.04
B13: 1.5 | C13: 0.3 | E13: Operating Cost | F13: =F12*B2 -> 14 | G13: =G12*B2 -> 7
E14: Total Cost | F14: =F13+F11+F9 -> 25.44 | G14: =G13+G11+G9 -> 12.2
C15: Garment Mark Up
C16: 0.2 | E16: Embroidery per Piece | F16: =F14/EMB!A2 -> 8.48 | G16: =G14/EMB!A2 -> 4.07
E17: Profit Per Piece | F17: =C13*F16 -> 2.54 | G17: =B13*G16 -> 6.11
E18: Cost of Garment | F18: =EMB!D2 -> 11.99 | G18: =F18 -> 11.99
E19: Profit Margin on Garment | F19: =C16*F18 -> 2.398 | G19: =F19 -> 2.4
E20: Total Per Piece Cost | F20: =F16+F17+F18+F19 -> 25.41 | G20: =G16+G17+G18+G19 -> 24.57
E22: Total Cost of Garments | F22: =F18*EMB!A2 -> 35.97 | G22: =F22 -> 35.97
E23: Total Job Profit | F23: =(F17+F19)*EMB!A2 -> 14.81 | G23: =(G17+G19)*EMB!A2 -> 25.53

Sheet DTFCalc
A1: 1 | B1: Daily Operating Cost | C1: Count In per piece in Sec | D1: Job Set Up Min | E1: Pressing Time | F1: Clean Up | G1: Count Out/Box in Sec
A2: 2 | B2: 175 | C2: 10 | D2: 30 | E2: 1.5 | F2: 10 | G2: 10
A3: 3 | C3: Count in Time (Min) | E3: Total Pressing Time (Min) | F3: Clean Up (Min) | G3: Count Out (Min)
A4: 4 | C4: =(DTF!A2*DTFCalc!C2)/60 -> 3.33 | E4: =(DTF!A2*DTFCalc!E2)*DTF!B2 -> 30 | F4: =(DTF!A2*DTFCalc!F2)/60 -> 3.33 | G4: =(DTF!A2*G2)/60 -> 3.33
C9: Labor Hourly | E9: Material Cost | F9: =(DTF!E2+DTF!E3+DTF!E4+DTF!E5)*DTF!A2 -> 60
C10: 16 | E10: Total Time (Hour) | F10: =(C4+D2+E4+F4+G4)/60 -> 1.17
E11: Labor Cost | F11: =F10*C10 -> 18.72
C12: Profit Marging % | E12: Days to Complete | F12: =F10/8 -> 0.15
C13: 0.3 | E13: Operating Cost | F13: =F12*B2 -> 26.25
E14: Total Cost | F14: =SUM(F9:F13) -> 106.29
C15: Garment Mark Up
C16: 0.2 | E16: DTF per Piece | F16: =F14/DTF!A2 -> 5.31
E17: Profit Per Piece | F17: =F16*C13 -> 1.59
E18: Cost of Garment | F18: =DTF!C2 -> 5.18
E19: Profit Margin on Garment | F19: =F18*C16 -> 1.036
E20: Total Per Piece Cost | F20: =SUM(F16:F19) -> 13.12

Sheet Snippets
A1: Common Text Snippets
A2: Hello, This is Zach from SHIRT52. Can I get you a quote for custom Apparel?
